 Dungeon Crawl Stone Soup version 0.31.0-9-g3a7656b989 (webtiles) character file.

Game seed: 17815139899419101172

487 qw the Ducker (level 6, -1/30 HPs)
             Began as a Spriggan Hunter on Feb 2, 2024.
             Succumbed to Duvessa's poison
             ... on level 4 of the Dungeon.
             The game lasted 00:00:11 (2431 turns).

qw the Ducker (Spriggan Hunter)                     Turns: 2431, Time: 00:00:12

Health: -1/30      AC:  2    Str:  7    XL:     6   Next: 89%
Magic:  3/7        EV: 25    Int: 10    God:
Gold:   260        SH:  0    Dex: 27    Spells: 5/5 levels left

rFire   . . .        a - +1 shortbow
rCold   + . .        (shield currently unavailable)
rNeg    + . .        c - +0 robe
rPois   .            (helmet restricted)
rElec   .            (no cloak)
rCorr   .            (gloves unavailable)
SInv    +            (boots unavailable)
Will    +....        i - amulet "Avusal" {Spirit ^Drain rN+ Slay+5}
Stlth   +++          f - ring of protection from cold
HPRegen 0.25/turn    k - +6 ring of dexterity
MPRegen 0.10/turn

%: guardian spirit
@: lethally poisoned (-1 -> -27), about to teleport, very quick
A: very small, no large weapons, unfitting armour, see invisible, speed 3
a: no special abilities


You were on level 4 of the Dungeon.
You visited 1 branch of the dungeon, and saw 4 of its levels.

You collected 260 gold pieces.


Innate Abilities, Weirdness & Mutations

You are very small and have problems with some larger weapons.
You are too small for most types of armour.
You have supernaturally acute eyesight. (SInv)
You cover ground extremely quickly. (Speed+++)


   Skills:
 - Level 2.0 Fighting
 - Level 6.1 Ranged Weapons
 + Level 7.5 Dodging
 - Level 1.5 Stealth


You had 5 spell levels left.
You didn't know any spells.
Your spell library was empty.

Inventory:

Hand Weapons
 a - a +1 shortbow (weapon)
Armour
 c - a +0 robe (worn)
Jewellery
 f - a ring of protection from cold (left hand)
 i - the amulet "Avusal" (around neck) {Spirit ^Drain rN+ Slay+5}
   (You acquired it on level 2 of the Dungeon)

   [amulet of guardian spirit]

   Spirit:    It causes incoming damage to be divided between your reserves of
   health and magic.
   Slay+5:    It affects your accuracy & damage with ranged weapons and melee
   (+5).
   rN+:       It protects you from negative energy.
   ^Drain:    It drains your maximum health when unequipped.
 k - a +6 ring of dexterity (right hand)
Wands
 e - a wand of flame (13)
Potions
 b - a potion of curing
 d - a potion of degeneration {unknown}
 g - a potion of cancellation
 h - 2 potions of enlightenment
 j - a potion of berserk rage {unknown}
 n - a potion of heal wounds {unknown}

Dungeon Overview and Level Annotations

Branches:
Dungeon (4/15)
 Temple: D:4-7

Altars:

Shops:
D:2 [:

Annotations:
D:4 Dowan


Message History

You climb downwards.
Level annotation: Dowan, Duvessa The orc shoots a sling bullet.
The sling bullet completely misses you.
There is a stone staircase leading up, spattered with blood here.
You shoot an arrow. The arrow hits Duvessa!
Duvessa is severely wounded.
You shoot an arrow. The arrow hits Duvessa.
Duvessa is almost dead.
Dowan says, "Stay away from my face!"
Dowan casts a spell at you. You resist with almost no effort.
Duvessa completely misses you.
The orc unwields a +1 sling of freezing.
The orc wields a +0 hand axe.
The orc hits you with a +0 hand axe.
You shoot an arrow.
The arrow hits Duvessa but does no damage.
Duvessa is almost dead.
Dowan misses you.
Duvessa hits you with a +1 short sword of venom.
You are poisoned.
The orc misses you.
You shoot an arrow. The arrow hits Duvessa.
Duvessa is almost dead.
You feel sick.
Dowan says, "Stay away from my face!"
Dowan completely misses you.
Duvessa hits you with a +1 short sword of venom!
You are lethally poisoned!
The orc completely misses you.
You shoot an arrow. The arrow hits Duvessa.
You kill Duvessa!
Dowan's eyes darken. "You have made a grave mistake."
Dowan seems to find hidden reserves of power!
You feel extremely sick. Dowan completely misses you.
The orc barely misses you. Dowan completely misses you.
Your Dodging skill increases to level 7!
2431 ||| READING scroll of teleportation.
As you read the scroll of teleportation, it crumbles to dust.
You feel strangely unstable.
You die...

### .#. #
#..... #.
#.#..#
.##.#..
)[... ...
#.##e##
#..)@o#
#..#.#..#
#. .## .#
.! .# .#
## .# .#
## #


You could see Dowan (fast) and an orc.

Vanquished Creatures
  Duvessa (D:4)
  A centaur (D:3)
  A bombardier beetle (D:3)
  3 orc priests
  An orc wizard (D:3)
  4 gnolls (D:3)
  4 adders
  A dart slug (D:3)
  2 ribbon worms
  8 orcs (D:3)
  3 bats
  6 endoplasms
  4 giant cockroaches
  4 goblins
  8 hobgoblins
  6 jackals
  9 kobolds
  4 quokkas (D:1)
  5 ball pythons
  3 frilled lizards
  6 rats
84 creatures vanquished.

Notes
Turn   | Place    | Note
-------+----------+-------------------------------------------
     0 | D:1      | qw the Spriggan Hunter began the quest for the Orb.
     0 | D:1      | Reached XP level 1. HP: 10/10 MP: 2/2
     0 | D:1      | 0 ||| qw: Version: 0.3-a-155-g5e7d8dd
     0 | D:1      | 0 ||| qw: Game counter: 2562
     0 | D:1      | 0 ||| qw: Melee chars always use a shield: true
     0 | D:1      | 0 ||| qw: God list: Okawaru
     0 | D:1      | 0 ||| qw: Allow faded altars: false
     0 | D:1      | 0 ||| qw: Do Orc after clearing Dungeon:15 true
     0 | D:1      | 0 ||| qw: Do second Lair branch before Depths: true
     0 | D:1      | 0 ||| qw: Lair rune preference: random
     0 | D:1      | 0 ||| qw: Goals: Normal
     0 | D:1      | 0 ||| PLANNING D:1-11
    72 | D:1      | Reached skill level 3 in Dodging
   113 | D:1      | Reached XP level 2. HP: 14/14 MP: 3/3
   114 | D:1      | Found a faded altar of an unknown god.
   168 | D:1      | Reached skill level 4 in Dodging
   442 | D:1      | Reached XP level 3. HP: 18/18 MP: 4/4
   618 | D:1      | 618 ||| UPGRADING to ring of protection from cold.
   619 | D:1      | 619 ||| READING scroll labelled HIVUL PEODE.
   622 | D:1      | 622 ||| READING scroll labelled IJOUHO IPLIALL.
   622 | D:1      | 622 ||| ENCHANTING +0 shortbow.
   623 | D:1      | 623 ||| READING scroll labelled MAETSAI LADOKAEWK.
   624 | D:1      | 624 ||| READING scroll labelled SATIRI UWOREDESU.
   624 | D:1      | 624 ||| IDENTIFYING purple potion
   625 | D:1      | 625 ||| READING scroll labelled SACEME DAROWK.
   658 | D:1      | 658 ||| DRINKING 2 bubbling silvery potions.
   659 | D:1      | 659 ||| DROPPING scroll of butterflies.
   790 | D:2      | You fall into a shaft and drop 1 floor!
   962 | D:3      | Reached XP level 4. HP: 22/22 MP: 5/5
   974 | D:3      | Reached skill level 5 in Dodging
   976 | D:3      | 976 ||| READING scroll labelled BOXUTO MI XIMA.
   977 | D:3      | 977 ||| READING scroll labelled CUADDI FEOWKE.
   979 | D:3      | 979 ||| Stepping ~*~*~tactically~*~*~ (cloud).
   985 | D:3      | HP: 5/22 [poisoned by you (poison gas)]
  1157 | D:2      | Found Urelob Xia's Antique Armour Shoppe.
  1430 | D:2      | Found Efuit's Vocational Training.
  1508 | D:2      | 1508 ||| DROPPING +1 sling of draining.
  1550 | D:2      | Reached XP level 5. HP: 26/26 MP: 6/6
  1552 | D:2      | 1552 ||| UPGRADING to +6 ring of dexterity.
  1553 | D:2      | 1553 ||| READING scroll labelled RAITEI YKIGEK.
  1553 | D:2      | Identified a scroll of acquirement
  1553 | D:2      | 1553 ||| ACQUIRING amulet "Avusal" {Spirit ^Drain rN+
                  | Slay+5}
  1553 | D:2      | Acquired the amulet "Avusal" {Spirit ^Drain rN+ Slay+5}
  1555 | D:2      | 1555 ||| UPGRADING to amulet "Avusal" {Spirit ^Drain rN+
                  | Slay+5}.
  1753 | D:3      | Noticed a centaur
  1757 | D:3      | Killed a centaur
  1758 | D:3      | Reached skill level 6 in Dodging
  2019 | D:3      | Reached XP level 6. HP: 26/30 MP: 5/7
  2139 | D:3      | 2139 ||| READING scroll of identify.
  2139 | D:3      | 2139 ||| IDENTIFYING fizzy sapphire potion
  2181 | D:4      | 2181 ||| STAIRDANCE
  2227 | D:4      | 2227 ||| STAIRDANCE
  2227 | D:4      | Noticed Duvessa
  2273 | D:4      | Noticed Dowan
  2274 | D:4      | 2274 ||| STAIRDANCE
  2280 | D:3      | Reached skill level 6 in Ranged Weapons
  2354 | D:4      | 2354 ||| STAIRDANCE
  2370 | D:4      | 2370 ||| STAIRDANCE
  2395 | D:4      | 2395 ||| STAIRDANCE
  2413 | D:4      | 2413 ||| STAIRDANCE
  2417 | D:4      | 2417 ||| STAIRDANCE
  2421 | D:4      | 2421 ||| STAIRDANCE
  2430 | D:4      | Killed Duvessa
  2430 | D:4      | HP: 5/30 [poisoned by Duvessa]
  2431 | D:4      | Reached skill level 7 in Dodging
  2431 | D:4      | 2431 ||| READING scroll of teleportation.
  2431 | D:4      | Succumbed to Duvessa's poison

Levels and vault maps discovered:
D:1:      lightli_arrival_flooded_house, layout_loops_ring,
          shapermc_ecumenical_altar_mp_ritualfount
D:2:      layout_loops_cross, serial_shops, shop, nicolae_shop_vocational
D:3:      layout_loops_ring, minivault_19, lexackson_kobold_supper
D:4:      layout_loops_cross, temple_statues, ebering_ghost_reflecting_pool,
          uniq_duvessa

Skill      XL: |  1  2  3  4  5  6 |
---------------+-------------------+-----
Dodging        | 3 4 5 6 7 |  7.5
Ranged Weapons | 5 6 |  6.1
Fighting       | 2 |  2.0
Stealth        | |  1.5

Action                     |  1- 3 |  4- 6 || total
---------------------------+-------+-------++-------
   Fire: Shortbow          |   100 |   110 ||   210
    Use: Scroll            |     5 |     5 ||    10
         Potion            |     1 |       ||     1
 Armour: Robe              |    14 |    17 ||    31
  Dodge: Dodged            |    41 |    63 ||   104

Table legend:
 A = Non-vault XP
 B = Vault XP
 C = Vault XP percentage of total XP
 D = Non-vault monster count
 E = Vault monster count
 F = Vault count percentage of total count
                 A         B        C        D         E       F
            +---------+---------+-------+---------+---------+-------
      Total |     546 |     151 |  21.7 |      75 |       9 |  10.7
            +---------+---------+-------+---------+---------+-------
        D:1 |      49 |       0 |   0.0 |      26 |       0 |   0.0
        D:2 |      66 |       0 |   0.0 |      18 |       0 |   0.0
        D:3 |     389 |       9 |   2.3 |      29 |       8 |  21.6
        D:4 |      42 |     142 |  77.2 |       2 |       1 |  33.3
            +---------+---------+-------+---------+---------+-------
